 Dungeon Crawl Stone Soup version 0.29-a0-998-g1987434951 (webtiles) character file.

Game seed: 16049176260045088186

3138 Kazon the Cudgeller (level 9, 0/47 HPs)
             Began as a Vine Stalker Fighter on Aug 5, 2022.
             Was a Believer of Dithmenos.
             Succumbed to a gnoll sergeant's poison
             ... on level 7 of the Dungeon.
             The game lasted 00:23:12 (4658 turns).

Kazon the Cudgeller (Vine Stalker Fighter)          Turns: 4658, Time: 00:23:12

Health: 0/47       AC:  8    Str: 20    XL:     9   Next: 92%
Magic:  15/22      EV: 15    Int:  8    God:    Dithmenos [**....]
Gold:   451        SH:  5    Dex: 17    Spells: 8/8 levels left

rFire   . . .      SeeInvis .   e - +1 dagger (vamp)
rCold   . . .      Faith    .   c - +0 buckler
rNeg    . . .      Spirit   +   b - +0 scale mail
rPois   .          Reflect  .   (no helmet)
rElec   .          Harm     .   (no cloak)
rCorr   .          Rampage  .   (no gloves)
Will    +....                   q - +0 pair of boots
Stlth   +.........              (no amulet)
HPRegen 0.95/turn               B - ring of magical power
MPRegen 0.18/turn               C - +4 ring of evasion

@: lethally poisoned (0 -> -12), wreathed by umbra
A: fangs 3, regeneration 1, magic shield, antimagic bite, no potion heal 2
a: Renounce Religion, Shadow Step


You were on level 7 of the Dungeon.
You worshipped Dithmenos.
Dithmenos was pleased with you.
You visited 2 branches of the dungeon, and saw 8 of its levels.
You also visited: Sewer.

You collected 451 gold pieces.

Inventory:

Hand Weapons
 a - a +0 long sword
 e - a +1 vampiric dagger (weapon)
 n - a +2 whip of venom
Missiles
 g - 7 stones
 j - 17 poisoned darts (quivered)
 v - 3 silver javelins
Armour
 b - a +0 scale mail (worn)
 c - a +0 buckler (worn)
 q - a +0 pair of boots (worn)
Jewellery
 x - a ring of resist corrosion
 B - a ring of magical power (left hand)
 C - a +4 ring of evasion (right hand)
Scrolls
 f - 2 scrolls of identify
 l - 4 scrolls of torment {unknown}
 m - 8 scrolls of teleportation {unknown}
 s - a scroll of amnesia {unknown}
 t - 2 scrolls of blinking {unknown}
 u - 2 scrolls of vulnerability {unknown}
 w - a scroll of enchant armour {unknown}
 y - a scroll of silence {unknown}
 A - 2 scrolls of butterflies {unknown}
 D - a scroll of fear {unknown}
Potions
 d - a potion of might
 h - 3 potions of heal wounds
 i - 2 potions of cancellation
 k - a potion of flight
 o - 2 potions of invisibility
 p - 2 potions of mutation {unknown}
 r - a potion of magic
 z - a potion of lignification


   Skills:
 + Level 5.3 Fighting
 + Level 2.6(3.1) Short Blades
 + Level 2.3(2.9) Long Blades
 + Level 5.6 Maces & Flails
 + Level 2.2 Throwing
 + Level 5.4 Armour
 + Level 3.0 Dodging
 + Level 2.5 Stealth
 + Level 4.8 Shields
 * Level 4.5 Invocations


You had 8 spell levels left.
You didn't know any spells.
Your spell library contained the following spells:

 Spells                   Type           Power      Damage    Failure   Level
 Freeze                   Ice            0%         1d3       83%         1
 Magic Dart               Conj           0%         1d3       83%         1
 Sting                    Tmut/Pois      0%         1d3       83%         1
 Call Imp                 Summ           0%         N/A       92%         2
 Poisonous Vapours        Pois/Air       0%         N/A       92%         2
 Frozen Ramparts          Ice            0%         1d8       99%         3
 Gell's Gravitas          Tloc           0%         N/A       99%         3
 Lesser Beckoning         Tloc           0%         N/A       99%         3
 Mephitic Cloud           Conj/Pois/Air  0%         N/A       99%         3
 Teleport Other           Tloc           0%         N/A       99%         3
 Corpse Rot               Necr/Pois/Air  0%         N/A       100%        4
 Hailstorm                Conj/Ice       0%         3d3       100%        4
 Olgreb's Toxic Radiance  Pois           0%         N/A       100%        4


Dungeon Overview and Level Annotations

Branches:
Dungeon (7/15)             Temple (1/1) D:4           Sewer (visited)

Altars:
Cheibriados
Dithmenos
Elyvilon
Fedhas
Gozag
Hepliaklqana
Nemelex Xobeh
Qazlal
Ru
Sif Muna
Trog
Uskayaw
Vehumet
Wu Jian
Yredelemnul
The Shining One

Shops:
D:5 =


Innate Abilities, Weirdness & Mutations

You have razor-sharp teeth.
Your natural rate of healing is unusually fast.
When hurt, damage is shared between your health and your magic reserves.
Your bite disrupts and absorbs the magic of your enemies.
Potions cannot restore your health.


Message History

You kill the orc!
Dithmenos accepts your kill.
You feel sick.
The gnoll sergeant hits you from afar with a +2 spear of venom!
You are more poisoned.
You feel extremely sick.
The gnoll sergeant hits you with a +2 spear of venom.
You are more poisoned.
Items here: ! ( )))) [ ††.
You hit the gnoll sergeant.
You feel better.
Your bite misses the gnoll sergeant.
The gnoll sergeant is moderately wounded.
You feel extremely sick.
The orc hits you from afar with a +0 trident.
The gnoll sergeant hits you with a +2 spear of venom.
You hit the gnoll sergeant but do no damage.
You bite the gnoll sergeant. You drain its power.
You feel invigorated.
The gnoll sergeant is moderately wounded.
You feel very sick. The orc hits you but does no damage.
The gnoll sergeant hits you with a +2 spear of venom.
You hit the gnoll sergeant.
You feel better.
You bite the gnoll sergeant, but do no damage.
The gnoll sergeant is moderately wounded.
You feel very sick. The orc closely misses you.
The gnoll sergeant hits you with a +2 spear of venom!
* * * LOW HITPOINT WARNING * * *
You are lethally poisoned!
You hit the gnoll sergeant.
You feel better.
You bite the gnoll sergeant, but do no damage.
The gnoll sergeant is heavily wounded.
* * * LOW HITPOINT WARNING * * *
You feel extremely sick.
It was a potion of heal wounds.
That seemed strangely inert.
* * * LOW HITPOINT WARNING * * *
You feel very sick. The orc closely misses you.
The gnoll sergeant closely misses you.
It was a potion of cancellation.
You feel magically purged.
You die... ....... .....o #g.oo

#.# # #.#.# #.# #
#..o.. #.# #.#.#..#
###.# #.#..<)..# #.#.#
.......>##########.#.#
#....(.oog@))......#.#
###.###.o#########.#.#
.. ...... ..#.#.# .
....#...# #.#.#.#####
.....+.... #
#.........# ....
#.##.##.####.#...#.##
... #..
.##.#............ ...
## ..#....#....##.##
##..........#


You could see a gnoll sergeant and 3 orcs.

Vanquished Creatures
  Pikel (D:4)
  Grinder (D:6)
  2 water moccasins
  A sky beast (D:6)
  An ice beast (D:4)
  An ogre (D:6)
  2 phantoms (D:5)
  A centaur (D:5)
  2 lemures (D:4)
  A kobold brigand (D:6)
  3 bullfrogs
  A necrophage (D:4)
  4 scorpions
  4 wights
  6 killer bees (D:7)
  4 hounds
  4 orc priests
  A gnoll bouda (D:7)
  A jelly (D:5)
  4 iguanas
  3 orc wizards
  A hell rat (Sewer)
  2 adders
  10 gnolls
  3 river rats (Sewer)
  A shadow imp (D:6)
  4 ufetubi
  3 worms (D:4)
  3 dart slugs
  18 orcs
  5 bats
  7 endoplasms
  10 giant cockroaches
  6 hobgoblins
  3 jackals (D:5)
  4 quokkas
  7 ball pythons
  6 frilled lizards
  4 goblins
  11 kobolds
  9 rats (Sewer)
165 creatures vanquished.

Vanquished Creatures (others)
  An orc wizard (D:5)
1 creature vanquished.

Grand Total: 166 creatures vanquished

Notes
Turn   | Place    | Note
-------+----------+-------------------------------------------
     0 | D:1      | Kazon the Vine Stalker Fighter began the quest for the Orb.
     0 | D:1      | Reached XP level 1. HP: 11/11 MP: 2/2
   193 | D:1      | Reached XP level 2. HP: 16/16 MP: 3/3
   389 | D:1      | Found a faded altar of an unknown god.
   397 | D:1      | You fall into a shaft and drop 1 floor!
   573 | D:2      | Reached XP level 3. HP: 19/19 MP: 4/4
   592 | D:2      | Reached skill level 1 in Stealth
  1291 | D:3      | Gained mutation: Your natural rate of healing is unusually
                  | fast. [Vine Stalker growth]
  1291 | D:3      | Reached XP level 4. HP: 24/24 MP: 5/5
  1326 | D:3      | Found a glowing drain.
  1350 | Sewer    | Entered a sewer
  1365 | Sewer    | Reached skill level 1 in Maces & Flails
  1365 | Sewer    | Reached XP level 5. HP: 21/28 MP: 6/6
  1837 | D:4      | Found a stormy altar of Qazlal.
  1859 | D:4      | Found a basalt altar of Yredelemnul.
  1878 | D:4      | Found a shadowy altar of Dithmenos.
  1917 | D:4      | Reached skill level 1 in Throwing
  1962 | D:4      | Found a shimmering blue altar of Sif Muna.
  1988 | D:4      | Noticed an ice beast
  1997 | D:4      | Killed an ice beast
  1998 | D:4      | Reached XP level 6. HP: 28/32 MP: 7/7
  2007 | D:4      | Found a bloodstained altar of Trog.
  2098 | D:4      | Noticed Pikel
  2109 | D:4      | Killed Pikel
  2110 | D:4      | Reached skill level 1 in Dodging
  2110 | D:4      | Reached XP level 7. HP: 27/37 MP: 8/8
  2343 | D:4      | Found a staircase to the Ecumenical Temple.
  2351 | Temple   | Entered the Ecumenical Temple
  2495 | D:4      | Gained mutation: You have razor-sharp teeth. [Vine Stalker
                  | growth]
  2495 | D:4      | Reached XP level 8. HP: 40/42 MP: 9/9
  2542 | D:4      | Became a worshipper of Dithmenos the Shadowed
  2618 | D:5      | Entered Level 5 of the Dungeon
  2651 | D:5      | Reached skill level 1 in Invocations
  3071 | D:5      | Reached skill level 5 in Maces & Flails
  3409 | D:5      | Found Qiut Ori's Jewellery Shop.
  3558 | D:6      | Reached * piety under Dithmenos
  3559 | D:6      | Reached XP level 9. HP: 46/46 MP: 12/12
  3826 | D:6      | Reached skill level 5 in Armour
  3868 | D:6      | Found an ornate altar of the Wu Jian Council.
  3999 | D:6      | Reached skill level 1 in Short Blades
  4271 | D:6      | Noticed Grinder
  4297 | D:6      | Paralysed by Grinder for 3 turns
  4303 | D:6      | Killed Grinder
  4304 | D:6      | Reached skill level 5 in Fighting
  4465 | D:7      | Reached ** piety under Dithmenos
  4658 | D:7      | Succumbed to a gnoll sergeant's poison

Illustrated notes

Levels and vault maps discovered:
D:1:      dpeg_arrival_boxes_within_box, layout_basic,
          hellmonk_ecumenical_altar_run_dry, lemuel_old_faithful
D:2:      layout_rooms
D:3:      layout_rooms, portal_sewer_entry_f
D:4:      layout_loops_ring, nicolae_sif_muna_little_library,
          nicolae_overflow_crystal_walls, kennysheep_mini,
          nicolae_overflow_squiral, minmay_temple_entry_enclosed_plants,
          uniq_pikel
D:5:      kennysheep_six_static_rooms, layout_basic, serial_glass,
          glass_columns_b, glass_columns_a, serial_shops,
          nicolae_shop_statue_plus
D:6:      layout_gridville, nzn_wu_jian_council_hall, uniq_grinder
D:7:      layout_basic, mainiacjoe_overflow_concentric_impassable,
          nicolae_kikubaaqudgha_miasma_corner, zin_purify,
          mainiacjoe_overflow_chevrons
Temple:   cyrus_temple_forest

Skill      XL: |  1  2  3  4  5  6  7  8  9 |
---------------+----------------------------+-----
Long Blades    | 2 |  2.3
Shields        | 3 4 |  4.8
Stealth        | 1 2 |  2.5
Fighting       | 3 4 5 |  5.3
Maces & Flails | 1 2 3 4 5 |  5.6
Armour         | 3 4 5 |  5.4
Throwing       | 1 2 |  2.2
Dodging        | 1 2 3 |  3.0
Invocations    | 2 4 |  4.5
Short Blades   | 2 |  2.6

Action                   |  1- 3 |  4- 6 |  7- 9 || total
-------------------------+-------+-------+-------++-------
Melee: Long sword        |    58 |       |       ||    58
       Bite              |    11 |    31 |   147 ||   189
       Whip              |    38 |   113 |   187 ||   338
       Dagger            |       |       |   219 ||   219
Throw: Stone             |    22 |    11 |    15 ||    48
       Dart              |       |       |    20 ||    20
  Use: Scroll            |       |     4 |     2 ||     6
       Potion            |       |       |     2 ||     2
Armor: Scale mail        |    36 |    28 |    96 ||   160
Dodge: Dodged            |    41 |    45 |   210 ||   296
Block: Buckler           |    29 |    12 |    86 ||   127

Table legend: (Time is in decaauts)
 A = Elapsed time spent in this place.
 B = Non-inter-level travel time spent in this place.
 C = Inter-level travel time spent in this place.
 D = Time resting spent in this place.
 E = Time spent auto-exploring this place.
 F = Levels seen in this place.
 G = Mean time per level.
                   A        B        C        D        E       F      G
               +--------+--------+--------+--------+--------+-----+--------+
         Total |   4676 |   4491 |    185 |      0 |   1857 |   9 |  519.6 |
       Dungeon |   4429 |   4269 |    160 |      0 |   1754 |   7 |  632.7 |
        Temple |     79 |     54 |     25 |      0 |     40 |   1 |   79.0 |
         Sewer |    167 |    167 |      0 |      0 |     63 |   1 |  167.0 |
               +--------+--------+--------+--------+--------+-----+--------+

Top non-repeatable levels by time:
     D:5: 927 daAuts
     D:6: 854 daAuts
     D:4: 759 daAuts
     D:1: 679 daAuts
     D:2: 629 daAuts
     D:3: 389 daAuts
     D:7: 190 daAuts
   Sewer: 167 daAuts
  Temple: 79 daAuts
